 Dungeon Crawl Stone Soup version 0.23-a0-386-g9c9d49f623 (webtiles) character file.

30774 Notair the Bludgeoner (level 13, -2/86 HPs)
             Began as a Minotaur Gladiator on Oct 29, 2018.
             Was the Champion of Okawaru.
             Killed by divine providence
             ... invoked by a smoke demon
              (12 damage)
             ... on level 2 of the Abyss.
             The game lasted 00:53:49 (15384 turns).

Notair the Bludgeoner (Minotaur Gladiator)         Turns: 15384, Time: 00:53:49

Health: -2/86      AC: 19    Str: 19    XL:     13   Next: 22%
Magic:  0/21       EV:  5    Int:  5    God:    Okawaru [******]
Gold:   968        SH:  0    Dex:  9    Spells: 12/12 levels left

rFire    . . .     SeeInvis .   a - +0 great mace
rCold    . . .     Gourm    .   (shield currently unavailable)
rNeg     . . .     Faith    .   E - +0 plate armour
rPois    +         Spirit   +   c - +0 hat
rElec    .         Reflect  .   R - +2 cloak {rPois}
rCorr    +         Harm     .   A - +1 pair of gloves {archery}
MR       .....     Clarity  +   m - +0 pair of boots
Stlth    ..........             p - amulet of guardian spirit
HPRegen  0.24/turn              k - ring of magical power
MPRegen  0.17/turn              G - ring of resist corrosion

@: constricted
A: retaliatory headbutt, claws 1, horns 2, [berserk 2], blurry vision 1,
clarity, [clumsy 2], [deformed body], deterioration 1, [dopey 2], [frail 3], [no
potion heal 2], [subdued magic 2]
a: Heroism, Finesse, Renounce Religion


You were on level 2 of the Abyss.
You worshipped Okawaru.
Okawaru was exalted by your worship.
You were very hungry.

You visited 2 branches of the dungeon, and saw 14 of its levels.
You visited the Abyss 1 time.

You collected 968 gold pieces.

Inventory:

Hand Weapons
 a - a +0 great mace (weapon)
 d - a +0 hunting sling of flaming
 J - a +6 dire flail
Missiles
 z - 140 sling bullets
 F - 6 throwing nets (quivered)
Armour
 c - a +0 hat (worn)
 m - a +0 pair of boots (worn)
 r - the cursed +1 plate armour "Ejil" {rPois Int+4, unknown}
   (You found it on level 2 of the Abyss)

   It affects your intelligence (+4).
   It protects you from poison.
   It has a curse placed upon it.
 A - a +1 pair of gloves of archery (worn)
 E - a +0 plate armour (worn)
 R - a +2 cloak of poison resistance (worn)
Jewellery
 k - a ring of magical power (left hand)
 p - an amulet of guardian spirit (around neck)
 q - an uncursed ring of wizardry
 B - the ring of Elyvilon's Favour {+Fly Int+3}
   (You found it on level 7 of the Dungeon)

   [ring of flight]

   It affects your intelligence (+3).
   It lets you fly.
 G - a ring of resist corrosion (right hand)
 U - an uncursed ring of fire
Wands
 h - a wand of paralysis (17)
 i - a wand of iceblast (20)
 K - a wand of digging (20)
 L - a wand of disintegration (31)
 M - a wand of random effects (8)
 P - a wand of polymorph (38)
Scrolls
 e - 6 scrolls of remove curse
 g - 4 scrolls of random uselessness
 j - 6 scrolls of teleportation
 l - 5 scrolls of amnesia
 o - a scroll of silence {unknown}
 s - 3 scrolls of enchant weapon
 w - 2 scrolls of immolation
 x - 3 scrolls of magic mapping
 y - a scroll of vulnerability {unknown}
 C - a scroll of acquirement {unknown}
 D - 5 scrolls of blinking {unknown}
 H - 2 scrolls of fog {unknown}
 N - 6 scrolls of identify
 T - 2 scrolls of fear {unknown}
Potions
 b - 3 potions of invisibility
 n - 2 potions of brilliance {unknown}
 t - 3 potions of curing
 u - a potion of agility
 v - 2 potions of magic
 O - a potion of berserk rage {unknown}
 Q - 2 potions of flight {unknown}
 S - a potion of mutation
Comestibles
 f - 27 rations


   Skills:
 + Level 14.1 Fighting
 + Level 17.1 Maces & Flails
 - Level 2.0 Throwing
 + Level 13.8 Armour
 - Level 3.2 Dodging


You had 12 spell levels left.
You didn't know any spells.
Your spell library contained the following spells:

 Spells                   Type           Power        Failure   Level  Hunger
 Beastly Appendage        Tmut           #.....       100%        1    ##.....
 Magic Dart               Conj           #...         100%        1    ##.....
 Blink                    Tloc           N/A          100%        2    ###....
 Call Imp                 Summ           #.......     100%        2    ###....
 Searing Ray              Conj           #.....       100%        2    ###....
 Slow                     Hex            #.......     100%        2    ###....
 Sticks to Snakes         Tmut           #.......     100%        2    ###....
 Conjure Flame            Conj/Fire      #.......     100%        3    ####...
 Dazzling Spray           Conj/Hex       #.....       100%        3    ####...
 Mephitic Cloud           Conj/Pois/Air  #.......     100%        3    ####...
 Spider Form              Tmut/Pois      #.........   100%        3    ####...
 Force Lance              Conj/Tloc      #.......     100%        4    #####..
 Fulminant Prism          Conj/Hex       #.........   100%        4    #####..
 Ice Form                 Ice/Tmut       #.......     100%        4    #####..
 Iskenderun's Mystic Bla  Conj           #.......     100%        4    #####..
 Blade Hands              Tmut           #.........   100%        5    ######.


Dungeon Overview and Level Annotations

Branches:
Dungeon (13/15)            Temple (1/1) D:4            Lair (0/6) D:11
    Orc (0/2) D:10
 Vaults: D:13-14

Altars:
Ashenzari
Cheibriados
Dithmenos
Elyvilon
Fedhas
Gozag
Hepliaklqana
Kikubaaqudgha
Makhleb
Nemelex Xobeh
Okawaru
Qazlal
Ru
Sif Muna
Trog
Uskayaw
Vehumet
Wu Jian
Xom
Yredelemnul
Zin
The Shining One

Shops:
D:7 (

Annotations:
D:13 1 runed door


Innate Abilities, Weirdness & Mutations

You reflexively headbutt those who attack you in melee.
You have a pair of horns on your head.
You have sharp fingernails.
Scrolls take you a little longer to read.
You possess an exceptional clarity of mind.
Your body sometimes deteriorates upon taking damage.
[You often lose your temper in combat.]
[You are very clumsy. (Dex -4)]
[Armour fits poorly on your strangely shaped body.]
[You are very dopey. (Int -4)]
[You are extremely frail. (-30% HP)]
[Potions are poor at restoring your health.]
[Your spells are easier to cast, but less powerful.]


Message History

The small abomination barely misses you.
The smoke demon gestures at you. Something smites you!
* * * LOW HITPOINT WARNING * * *
A death knight comes into view. It is wielding a +0 broad axe.
The death knight shouts!
You are feeling very hungry.
The wretched star pulses with an eldritch light!
You feel a little pissed off.
You feel angry.
A tentacled starspawn comes into view.
The smoke demon gestures at you. Something smites you!
* * * LOW HITPOINT WARNING * * *
Tentacles burst from the starspawn's body!
A soul eater comes into view. 2 starspawn tentacles come into view.
The starspawn tentacle grabs you. The starspawn tentacle constricts you.
The smoke demon gestures at you. Something smites you!
You die...

.. ... .. #.# ##.##
#.# ...###...###...
..#.....#.. .#.
......... ...p.
#.....# ...# #...#
..#
.#####@#####.####
........w...3.....
..#..../#.3...#.
##../###..x## . ##<#
##*## #.#
##...###...###... #
#.wX..#*....#.. . .
###.#x.#.#!..###.#.#
##.###.....#....


You could see a tentacled starspawn, a wretched star, a soul eater, a smoke
demon, a small abomination and 2 starspawn tentacles.

Vanquished Creatures
  A bone dragon (Abyss:2)
  Azrael (D:12)
  A vault guard (D:13)
  A dancing weapon (D:10)
  3 centaur warriors
  2 two-headed ogres (D:11)
  A death knight (D:11)
  A tengu warrior (D:12)
  The ghost of dricus the Thaumaturge, a novice DECj of Vehumet (D:10)
  A wretched star (Abyss:2)
  3 unseen horrors
  A deep elf archer (D:13)
  A wolf spider (D:12)
  A deep elf mage (D:11)
  2 cyclopes
  An ugly thing (D:12)
  A manticore (D:12)
  Joseph (D:8)
  An apocalypse crab (Abyss:2)
  A gargoyle (D:8)
  4 kobold demonologists (D:13)
  2 trolls (D:12)
  A hornet (D:7)
  2 hippogriffs
  A raiju (Abyss:2)
  Sigmund (D:2)
  2 shadows
  4 wyverns
  11 yaks
  3 fire elementals (D:12)
  A basilisk (D:10)
  2 humans
  3 hungry ghosts
  2 vampire mosquitoes (D:11)
  2 water moccasins
  4 hell hounds (D:12)
  4 ice beasts
  7 orc warriors
  A necrophage (D:11)
  An eye of draining (Abyss:2)
  6 sky beasts
  14 centaurs
  A phantom (D:9)
  6 ogres
  2 crocodiles
  4 big kobolds (D:13)
  4 bullfrogs
  A water moccasin zombie (D:8)
  7 scorpions
  A water moccasin skeleton (D:4)
  9 killer bees
  16 wights
  14 howler monkeys
  5 crimson imps
  4 quasits
  3 centaur skeletons
  A gnoll shaman (D:4)
  6 orc priests
  Crazy Yiuf (D:2)
  3 jellies
  15 orc wizards
  2 bullfrog skeletons
  6 hounds
  Terence (D:3)
  5 iguanas
  8 worker ants
  A killer bee zombie (D:8)
  18 gnolls
  21 adders
  5 shadow imps
  A white imp (D:5)
  An ooze (D:4)
  An ufetubus (Abyss:2)
  2 adder zombies (D:7)
  3 worms
  A dart slug (D:2)
  6 leopard geckos
  72 orcs
  4 giant cockroaches
  11 goblins
  7 hobgoblins
  15 jackals
  9 kobolds
  5 quokkas
  10 bats
  6 frilled lizards
  A hobgoblin zombie (D:5)
  2 kobold skeletons (D:5)
  A kobold zombie (D:5)
  A leopard gecko zombie (D:5)
  An orc skeleton (D:5)
  An orc zombie (D:5)
  A quokka skeleton (D:4)
  4 rats
  A spectral orc (D:5)
441 creatures vanquished.

Vanquished Creatures (others)
  A centaur skeleton (D:12)
  A slime creature (D:12)
  An eye of draining (shapeshifter) (D:12)
  A howler monkey (D:12)
  A jelly (D:12)
  2 orc wizards
  A quokka (D:9)
  17 starspawn tentacles (Abyss:2)
25 creatures vanquished.

Grand Total: 466 creatures vanquished

Notes
Turn   | Place    | Note
-------+----------+-------------------------------------------
     0 | D:1      | Notair the Minotaur Gladiator began the quest for the Orb.
     0 | D:1      | Reached XP level 1. HP: 18/18 MP: 0/0
   118 | D:1      | Reached skill level 4 in Maces & Flails
   122 | D:1      | Reached XP level 2. HP: 20/25 MP: 1/1
   173 | D:1      | Reached skill level 1 in Armour
   689 | D:2      | Reached XP level 3. HP: 31/31 MP: 2/2
   744 | D:2      | Found a shadowy altar of Dithmenos.
   811 | D:2      | Noticed Sigmund
   818 | D:2      | Gained mutation: Scrolls take you a little longer to read.
                  | [potion of mutation]
   818 | D:2      | Gained mutation: You have sharp fingernails. [potion of
                  | mutation]
   818 | D:2      | Gained mutation: You possess an exceptional clarity of
                  | mind. [potion of mutation]
   824 | D:2      | Killed Sigmund
   824 | D:2      | Reached skill level 6 in Maces & Flails
   824 | D:2      | Reached XP level 4. HP: 21/40 MP: 3/3
   824 | D:2      | Reached XP level 5. HP: 25/46 MP: 4/4
  1220 | D:2      | Found a runed door.
  1224 | D:2      | Noticed Crazy Yiuf
  1230 | D:2      | Killed Crazy Yiuf
  1272 | D:3      | Reached XP level 6. HP: 50/52 MP: 1/5
  1852 | D:3      | Reached skill level 7 in Maces & Flails
  2084 | D:3      | Noticed Terence
  2089 | D:3      | Killed Terence
  2468 | D:4      | Reached skill level 5 in Fighting
  2468 | D:4      | Reached XP level 7. HP: 57/61 MP: 6/6
  2577 | D:4      | Found a staircase to the Ecumenical Temple.
  2581 | D:4      | Identified the +8 mace "Buuq" {freeze, *Drain +Blink rF+
                  | Str+5} (You found it on level 4 of the Dungeon)
  3115 | D:5      | Entered Level 5 of the Dungeon
  3174 | D:5      | Reached skill level 8 in Maces & Flails
  3202 | D:5      | Found a glowing golden altar of the Shining One.
  3324 | D:5      | Found a burning altar of Makhleb.
  3359 | D:5      | Reached skill level 5 in Armour
  3550 | D:5      | Reached XP level 8. HP: 70/70 MP: 7/7
  3569 | Temple   | Entered the Ecumenical Temple
  3593 | Temple   | Became a worshipper of Warmaster Okawaru
  3640 | D:5      | Reached skill level 9 in Maces & Flails
  3856 | D:5      | Found a basalt altar of Yredelemnul.
  4327 | D:6      | Reached * piety under Okawaru
  4344 | D:6      | Reached skill level 10 in Maces & Flails
  4745 | D:6      | Found a hide-covered altar of Uskayaw.
  4886 | D:6      | Reached XP level 9. HP: 79/79 MP: 8/8
  5318 | D:7      | Reached skill level 11 in Maces & Flails
  5380 | D:7      | Got a steaming lead ring
  5421 | D:7      | Found Mim Riaf's Weapon Boutique.
  5441 | D:7      | Reached ** piety under Okawaru
  5792 | D:7      | Identified the ring of Elyvilon's Favour {+Fly Int+3} (You
                  | found it on level 7 of the Dungeon)
  5880 | D:8      | Noticed Joseph
  6028 | D:8      | Killed Joseph
  6028 | D:8      | Reached *** piety under Okawaru
  6028 | D:8      | Reached skill level 12 in Maces & Flails
  6182 | D:8      | Reached XP level 10. HP: 90/90 MP: 9/9
  6553 | D:8      | Found an ornate altar of the Wu Jian Council.
  6898 | D:8      | Noticed a gargoyle
  6919 | D:8      | Reached **** piety under Okawaru
  7006 | D:8      | Killed a gargoyle
  7006 | D:8      | Reached skill level 13 in Maces & Flails
  7778 | D:9      | Received a gift from Okawaru
  7786 | D:9      | Reached skill level 10 in Fighting
  8165 | D:9      | Reached skill level 14 in Maces & Flails
  8171 | D:9      | Reached ***** piety under Okawaru
  8419 | D:9      | Found a white marble altar of Elyvilon.
  8496 | D:9      | Reached skill level 10 in Armour
  8776 | D:10     | Entered Level 10 of the Dungeon
  8839 | D:10     | Found a staircase to the Orcish Mines.
  8885 | D:10     | Reached XP level 11. HP: 81/101 MP: 10/10
  9502 | D:10     | Found a runed door.
  9503 | D:10     | Found a shimmering altar of Xom.
  9503 | D:10     | Noticed dricus's ghost (novice DECj)
  9503 | D:10     | Noticed a glowing rapier
  9513 | D:10     | Killed a rapier of chaos
  9529 | D:10     | Killed dricus's ghost
 10021 | D:11     | Noticed a deep elf mage
 10036 | D:11     | Found a staircase to the Lair.
 10039 | D:11     | Killed a deep elf mage
 10039 | D:11     | Reached skill level 15 in Maces & Flails
 10195 | D:11     | Received a gift from Okawaru
 10299 | D:11     | Noticed a two-headed ogre
 10308 | D:11     | Killed a two-headed ogre
 10617 | D:11     | Noticed a two-headed ogre
 10624 | D:11     | Killed a two-headed ogre
 11284 | D:12     | Found a sparkling altar of Nemelex Xobeh.
 11288 | D:12     | Noticed a death knight
 11321 | D:12     | HP: 4/104 [death knight/+0 battleaxe (23)]
 11720 | D:11     | Killed a death knight
 12327 | D:12     | Noticed a centaur warrior
 12341 | D:12     | Reached skill level 16 in Maces & Flails
 12341 | D:12     | Reached XP level 12. HP: 98/112 MP: 11/11
 12353 | D:12     | Killed a centaur warrior
 12595 | D:12     | Noticed a tengu warrior
 12609 | D:12     | Killed a tengu warrior
 12700 | D:12     | Noticed Azrael
 12710 | D:12     | Killed Azrael
 12710 | D:12     | Reached ****** piety under Okawaru
 13147 | D:12     | Noticed a centaur warrior
 13340 | D:12     | Killed a centaur warrior
 13697 | D:13     | Noticed a frost giant
 13697 | D:13     | Noticed a stone giant
 13698 | D:13     | Found a runed door.
 13698 | D:13     | Noticed a fire dragon
 13752 | D:13     | Noticed a centaur warrior
 13761 | D:13     | Killed a centaur warrior
 13827 | D:13     | Received a gift from Okawaru
 13980 | D:13     | Noticed a vault guard
 13981 | D:13     | Noticed a vault guard
 14772 | D:13     | Noticed a vault guard
 14803 | D:13     | Killed a vault guard
 14803 | D:13     | Reached XP level 13. HP: 103/123 MP: 12/12
 14886 | D:13     | Cast into level 2 of the Abyss (a wizard)
 14905 | Abyss:2  | Noticed a bone dragon
 14932 | Abyss:2  | HP: 5/123 [bone dragon (11)]
 14934 | Abyss:2  | Killed a bone dragon
 14934 | Abyss:2  | Reached skill level 17 in Maces & Flails
 14961 | Abyss:2  | Noticed a tentacled starspawn
 14962 | Abyss:2  | Gained mutation: Your body sometimes deteriorates upon
                  | taking damage. [a neqoxec]
 14995 | Abyss:2  | Found a corrupted altar of Lugonu.
 15178 | Abyss:2  | HP: 6/124 [something (8)]
 15231 | Abyss:2  | Noticed a tentacled starspawn
 15264 | Abyss:2  | Found a corrupted altar of Lugonu.
 15323 | Abyss:2  | HP: 2/99 [wretched star/orb of energy (6)]
 15338 | Abyss:2  | Got a slimy plate armour
 15383 | Abyss:2  | Noticed a tentacled starspawn
 15384 | Abyss:2  | Killed from afar by a smoke demon

Vault maps used:
D:1:      scummos_arrival_simple_fountains
D:2:      grunt_dithmenos_smoke, uniq_sigmund, uniq_crazy_yiuf_cottage
D:3:      serial_forest, infiniplex_forest_lined_4_way,
          infiniplex_forest_clump_small, infiniplex_forest_straight_2,
          infiniplex_forest_diagonal, infiniplex_forest_clump_long,
          infiniplex_forest_lined_room_, uniq_terence
D:4:      minmay_temple_entry_from_below_b
D:5:      nicolae_tso_besieged_by_evil, yredelemnul_forgotten_temple_becter,
          lemuel_round_altar, first_ration, skrybe_limestone_x
D:6:      kennysheep_mini_moat
D:7:      serial_shops, shop
D:8:      overflow_temple_1_default, uniq_joseph
D:9:      elyvilon_altar_4
D:10:     david_orc_3, ebering_ghost_xom
D:11:     lair_entry_dummy, hangedman_stone_soup, palyth_stone_intersect
D:12:     minmay_the_grid_octo_tiled_octocenter_mashed, basic_altar, uniq_azrael
D:13:     grunt_vaults_entry_fortified, kennysheep_treasure_room
Temple:   lightli_temple_of_artemis
Abyss:2:  minivault_5, evilmike_abyss_exit_smiterflies

Skill      XL: |  1  2  3  4  5  6  7  8  9 10 11 12 13 |
---------------+----------------------------------------+-----
Maces & Flails | 4 6 7 8 10 12 14 16 17 | 17.1
Armour         | 1 3 4 5 6 8 10 11 13 | 13.8
Fighting       | 3 4 5 6 7 8 10 11 13 14 | 14.1
Throwing       | |  2.0
Dodging        | |  3.2

Action                   |  1- 3 |  4- 6 |  7- 9 | 10-12 | 13-15 || total
-------------------------+-------+-------+-------+-------+-------++-------
Melee: Flail             |    76 |   126 |       |       |       ||   202
       Headbutt          |    19 |    19 |    62 |   135 |    15 ||   250
       Morningstar       |       |    38 |   363 |   312 |       ||   713
       Dire flail        |       |       |       |   342 |       ||   342
       Great mace        |       |       |       |   219 |    54 ||   273
 Fire: Hunting sling     |       |       |     9 |    22 |       ||    31
Invok: Heroism           |       |       |     2 |     7 |     4 ||    13
  Use: Potion            |     1 |       |       |     1 |     6 ||     8
       Scroll            |       |     3 |    12 |       |     3 ||    18
 Stab: Invisible         |       |       |       |     1 |       ||     1
       Distracted        |       |       |       |     2 |       ||     2
  Eat: Chunk             |       |     5 |    15 |    19 |     1 ||    40
       Ration            |       |       |       |     3 |       ||     3
Armor: Leather armour    |     4 |       |       |       |       ||     4
       Ring mail         |    31 |    55 |       |       |       ||    86
       Chain mail        |       |    15 |   201 |   111 |       ||   327
       Plate armour      |       |       |       |   415 |    62 ||   477
Dodge: Dodged            |    67 |    94 |   171 |   273 |    30 ||   635

Table legend:
 A = Non-vault XP
 B = Vault XP
 C = Vault XP percentage of total XP
 D = Non-vault monster count
 E = Vault monster count
 F = Vault count percentage of total count
                 A         B        C        D         E       F
            +---------+---------+-------+---------+---------+-------
      Total |   28297 |   15667 |  35.6 |     388 |      53 |  12.0
            +---------+---------+-------+---------+---------+-------
        D:1 |      36 |       0 |   0.0 |      20 |       0 |   0.0
        D:2 |      61 |     267 |  81.4 |      19 |       2 |   9.5
        D:3 |     328 |      36 |   9.9 |      43 |       1 |   2.3
        D:4 |     247 |       0 |   0.0 |      15 |       0 |   0.0
        D:5 |     685 |      17 |   2.4 |      25 |       8 |  24.2
        D:6 |    1678 |       0 |   0.0 |      38 |       0 |   0.0
        D:7 |    1345 |       0 |   0.0 |      24 |       0 |   0.0
        D:8 |    2678 |     471 |  15.0 |      43 |       1 |   2.3
        D:9 |    3025 |       0 |   0.0 |      47 |       0 |   0.0
       D:10 |    1810 |    1773 |  49.5 |      20 |       7 |  25.9
       D:11 |    3603 |    1768 |  32.9 |      22 |       5 |  18.5
       D:12 |    2136 |    9401 |  81.5 |      24 |      26 |  52.0
       D:13 |    5389 |    1934 |  26.4 |      40 |       3 |   7.0
    Abyss:2 |    5276 |       0 |   0.0 |       8 |       0 |   0.0
            +---------+---------+-------+---------+---------+-------
